 Dungeon Sprint DCSS version 0.18.1-50-g88ac8fd (webtiles) character file.

5300000 Ropoloid1 the Conqueror (level 24, -89/227 HPs)
             Began as a Demonspawn Wanderer on Oct 28, 2016.
             Was the Champion of Makhleb.
             Annihilated by a sculptor of flesh
             ... wielding a +9 great sword
              (152 damage)
             ... in the Dungeon (Sprint VIII: "Arena of Blood").
             The game lasted 00:03:46 (53 turns).

Ropoloid1 the Conqueror (Demonspawn Wanderer)         Turns: 53, Time: 00:03:46

Health: -89/227    AC:  8    Str: 23    XL:     24   Next: 52%
Magic:  29/53      EV: 31    Int: 13    God:    Makhleb [******]
Gold:   0          SH:  0    Dex: 15    Spells: 0 memorised, 75 levels left

rFire  . . .     SeeInvis +     m - +∞ Axe of Woe
rCold  . . .     Gourm    .     e - +0 robe
rNeg   . . .     Faith    .     (shield currently unavailable)
rPois  +         Spirit   .     (no helmet)
rElec  .         Dismiss  .     (no cloak)
rCorr  .         Reflect  .     (gloves unavailable)
SustAt .         Harm     .     (no boots)
MR     +....     NoTele   +     (no amulet)
Stlth  +++++++++.               (no ring)
                                n - ring of see invisible

@: somewhat resistant to hostile enchantments, incredibly stealthy
A: claws 3, slimy green scales 3, demonic guardian 3, spiny 3, augmentation 2
a: Minor Destruction, Lesser Servant of Makhleb, Major Destruction, Greater
Servant of Makhleb, Renounce Religion


You were in the Dungeon.
You worshipped Makhleb.
Makhleb was exalted by your worship.
You were not hungry.

You visited 1 branch

Inventory:

Hand Weapons
 a - a +2 short sword
 b - a +0 spear
 c - a +0 shortbow
 m - the +∞ Axe of Woe (weapon)
   (You found it in the Dungeon)
Missiles
 d - 23 arrows
Armour
 e - a +0 robe (worn)
Jewellery
 n - a ring of see invisible (left claw)
Scrolls
 l - a scroll of blinking
Potions
 g - a potion of curing
 h - a potion of heal wounds
 i - a potion of haste
 j - 2 potions of magic
 k - a potion of berserk rage
Comestibles
 f - a bread ration


   Skills:
 O Level 27 Fighting
 O Level 27 Short Blades
 O Level 27 Axes
 + Level 26.3(27) Polearms
 O Level 27 Bows
 + Level 26.3 Throwing
 O Level 27 Armour
 O Level 27 Dodging
 O Level 27 Stealth
 + Level 26.3 Unarmed Combat
 + Level 26.3 Spellcasting
 O Level 27 Invocations
   Level 2.0 Evocations


You had 75 spell levels left.
You didn't know any spells.

Dungeon Overview and Level Annotations

Branches:
Dungeon (1/1)

Altars:
Makhleb


Innate Abilities, Weirdness & Mutations

You have claws for hands.
You are completely covered in slimy green scales (AC +4, rPois).
A powerful demonic guardian rushes to your aid.
You are completely covered in sharp spines.
Your magical and physical power is enhanced at high health.


Message History

You destroy the destroyer!
Makhleb accepts your kill.
You feel better.
Your base Polearms skill gained 2 levels and is now at level 26!
Your Throwing skill gained 2 levels and is now at level 26!
Your Unarmed Combat skill gained 2 levels and is now at level 26!
Your Spellcasting skill gained 2 levels and is now at level 26!
You hear a shout! x7
Two crawling corpses merge to form a small abomination.
You hear a shout!
Your balrug hits the small abomination with a demon whip of electrocution.
The small abomination is engulfed in flames!!
You hear a shout!
Unknown command.
You hear a shout! x4
The small abomination is engulfed in roaring flames.
You hear a shout! x5
The sculptor of flesh hits you with a +9 great sword!!!!!
Ouch! That really hurt!
You die...

.......X)...§#...#
........X.%.#....#
.......X..##.....#
.#...%...L#).....#
......O...#...###..
.##.#%.o.X...%......
..........).........
#....#..).)####.....
........o2x%@#......
.......)§§...z..%.##
.....%%).§§....####
################


You could see a sculptor of flesh, a meat berserker (berserk), a small
abomination, 2 bags of meat and a friendly balrug.

Vanquished Creatures
  25 orcs (D)
  3 hill giants (D)
  A skeletal warrior (D)
  A large abomination (D)
  5 vampire knights (D)
  8 ogres (D)
43 creatures vanquished.

Notes
Turn   | Place    | Note
--------------------------------------------------------------
     0 | D        | Ropoloid1 the Demonspawn Wanderer began the quest for the Orb.
     0 | D        | Ropoloid1 set off with: a +2 short sword, a +0 spear, a +0 shortbow, 23 arrows, a +0 robe, a bread ration, a potion of curing, a potion of heal wounds, a potion of haste, 2 potions of magic, a potion of berserk rage, a scroll of blinking
     0 | D        | Reached XP level 1. HP: 18/18 MP: 2/2
     3 | D        | Noticed a bag of meat
     4 | D        | Became a worshipper of Makhleb the Destroyer
     5 | D        | Noticed a bag of meat
     5 | D        | Noticed a meat berserker
     6 | D        | Noticed a bag of meat
     7 | D        | Killed a meat berserker
     7 | D        | Gained mutation: You are partially covered in sharp spines. [demonic ancestry]
     7 | D        | Reached XP level 2. HP: 56/56 MP: 3/3
     7 | D        | Reached XP level 3. HP: 62/62 MP: 4/4
     7 | D        | Reached XP level 4. HP: 70/70 MP: 5/5
     7 | D        | Gained mutation: You are partially covered in slimy green scales (AC +2). [demonic ancestry]
     7 | D        | Reached XP level 5. HP: 76/76 MP: 6/6
     7 | D        | Reached XP level 6. HP: 84/84 MP: 7/7
     7 | D        | Reached XP level 7. HP: 91/91 MP: 8/8
     7 | D        | Gained mutation: You have sharp fingernails. [demonic ancestry]
     7 | D        | Reached XP level 8. HP: 98/98 MP: 9/9
     7 | D        | Reached XP level 9. HP: 105/105 MP: 10/10
     7 | D        | Reached XP level 10. HP: 112/112 MP: 11/11
     7 | D        | Gained mutation: A weak demonic guardian rushes to your aid. [demonic ancestry]
     7 | D        | Reached XP level 11. HP: 119/119 MP: 12/12
     7 | D        | Gained mutation: You are mostly covered in sharp spines. [demonic ancestry]
     7 | D        | Reached XP level 12. HP: 127/127 MP: 13/13
     7 | D        | Gained mutation: You are mostly covered in slimy green scales (AC +3). [demonic ancestry]
     7 | D        | Reached XP level 13. HP: 133/133 MP: 14/14
     8 | D        | Noticed a bag of meat
     8 | D        | Noticed a bag of meat
     8 | D        | Noticed a bag of meat
     9 | D        | Noticed a bag of meat
     9 | D        | Noticed a bag of meat
     9 | D        | Noticed a bag of meat
    10 | D        | Noticed a bag of meat
    10 | D        | Noticed a bag of meat
    10 | D        | Noticed a bag of meat
    11 | D        | Noticed a bag of meat
    11 | D        | Noticed a bag of meat
    11 | D        | Noticed a large bag of meat
    11 | D        | Noticed a meat berserker
    11 | D        | Killed a bag of meat
    11 | D        | Reached * piety under Makhleb
    11 | D        | Reached skill level 5 in Bows
    12 | D        | Noticed a bag of meat
    12 | D        | Noticed a meat berserker
    12 | D        | Noticed a meat berserker
    12 | D        | Killed a bag of meat
    12 | D        | Reached skill level 1 in Axes
    12 | D        | Gained mutation: You have very sharp fingernails. [demonic ancestry]
    12 | D        | Reached XP level 14. HP: 103/148 MP: 15/15
    12 | D        | Killed a bag of meat
    12 | D        | Reached ** piety under Makhleb
    12 | D        | Killed a bag of meat
    12 | D        | Reached skill level 27 in Fighting
    12 | D        | Gained mutation: You are completely covered in sharp spines. [demonic ancestry]
    12 | D        | Reached XP level 15. HP: 159/159 MP: 16/16
    13 | D        | Noticed a large bag of meat
    13 | D        | Reached *** piety under Makhleb
    13 | D        | Reached skill level 27 in Short Blades
    13 | D        | Killed a meat berserker
    13 | D        | Reached skill level 15 in Axes
    13 | D        | Gained mutation: A demonic guardian rushes to your aid. [demonic ancestry]
    13 | D        | Reached XP level 16. HP: 88/167 MP: 17/17
    13 | D        | Killed a meat berserker
    13 | D        | Reached **** piety under Makhleb
    13 | D        | Reached skill level 15 in Bows
    13 | D        | Reached skill level 10 in Dodging
    13 | D        | Reached XP level 17. HP: 150/174 MP: 18/18
    13 | D        | Noticed a meat berserker
    14 | D        | Killed a large bag of meat
    14 | D        | Reached ***** piety under Makhleb
    14 | D        | Reached skill level 27 in Axes
    14 | D        | Gained mutation: You have claws for hands. [demonic ancestry]
    14 | D        | Reached XP level 18. HP: 182/182 MP: 19/19
    15 | D        | Killed a meat berserker
    15 | D        | Reached skill level 15 in Dodging
    16 | D        | Reached ****** piety under Makhleb
    16 | D        | Gained mutation: Your magical and physical power is slightly enhanced at high health. [demonic ancestry]
    16 | D        | Reached XP level 19. HP: 189/189 MP: 20/20
    18 | D        | Killed a meat berserker
    18 | D        | Reached skill level 27 in Bows
    19 | D        | Noticed a destroyer
    19 | D        | Reached skill level 15 in Stealth
    19 | D        | Gained mutation: A powerful demonic guardian rushes to your aid. [demonic ancestry]
    19 | D        | Reached XP level 20. HP: 197/197 MP: 21/21
    23 | D        | Killed a destroyer
    23 | D        | Reached skill level 27 in Armour
    23 | D        | Reached skill level 27 in Dodging
    23 | D        | Reached skill level 27 in Stealth
    23 | D        | Reached XP level 21. HP: 204/204 MP: 22/22
    23 | D        | Reached skill level 5 in Polearms
    23 | D        | Reached skill level 5 in Throwing
    23 | D        | Reached skill level 5 in Unarmed Combat
    23 | D        | Reached skill level 5 in Spellcasting
    25 | D        | Reached skill level 10 in Polearms
    25 | D        | Reached skill level 10 in Throwing
    25 | D        | Reached skill level 10 in Unarmed Combat
    25 | D        | Reached skill level 10 in Spellcasting
    26 | D        | Noticed a destroyer
    27 | D        | Reached skill level 15 in Invocations
    31 | D        | Noticed a destroyer
    32 | D        | Reached XP level 22. HP: 212/212 MP: 23/40
    35 | D        | Noticed a destroyer
    36 | D        | Killed a destroyer
    37 | D        | Killed a destroyer
    39 | D        | Killed a destroyer
    39 | D        | Reached skill level 27 in Invocations
    39 | D        | Gained mutation: Your magical and physical power is enhanced at high health. [demonic ancestry]
    39 | D        | Reached XP level 23. HP: 106/219 MP: 25/47
    46 | D        | Noticed a destroyer
    49 | D        | Noticed a tyrant
    50 | D        | Gained mutation: You are completely covered in slimy green scales (AC +4, rPois). [demonic ancestry]
    50 | D        | Reached XP level 24. HP: 227/227 MP: 28/51
    52 | D        | Killed a destroyer
    53 | D        | Annihilated by a sculptor of flesh

Skill      XL: |  1  2  3  4  5  6  7  8  9 10 11 12 13 14 15 16 17 18 19 20 21 22 23 24 |
---------------+-------------------------------------------------------------------------+-----
Fighting       | 22 25 27 | 27.0
Short Blades   | 20 23 26 27 | 27.0
Bows           | 4 5 11 15 18 24 27 | 27.0
Armour         | 3 4 9 12 14 19 23 27 | 27.0
Axes           | 1 4 15 21 27 | 27.0
Dodging        | 6 10 12 18 23 27 | 27.0
Stealth        | 15 27 | 27.0
Polearms       | 14 20 24 26 | 26.3
Throwing       | 14 20 24 26 | 26.3
Unarmed Combat | 14 20 24 26 | 26.3
Spellcasting   | 14 20 24 26 | 26.3
Invocations    | 19 27 | 27.0
Evocations     | |  2.0

Action                   |  1- 3 |  4- 6 |  7- 9 | 10-12 | 13-15 | 16-18 | 19-21 | 22-24 || total
-------------------------+-------+-------+-------+-------+-------+-------+-------+-------++-------
Melee: Executioner's axe |     1 |       |       |       |     3 |     3 |    10 |     8 ||    25
 Stab: Distracted        |       |       |       |       |       |       |       |     1 ||     1
Armor: Robe              |       |       |       |       |       |       |       |     1 ||     1
Dodge: Dodged            |       |       |       |       |       |     1 |     1 |       ||     2
